 Dungeon Crawl Stone Soup version 0.23-a0-650-ga4d50d4d25 (webtiles) character file.

5119 Napalmbreeze the Thaumaturge (level 10, -9/80 HPs)
             Began as a Barachi Summoner on Jan 2, 2019.
             Was an Initiate of Gozag.
             Mangled by a centaur warrior (15 damage)
             ... on level 9 of the Dungeon on Jan 3, 2019.
             The game lasted 00:43:57 (8886 turns).

Napalmbreeze the Thaumaturge (Barachi Summoner)     Turns: 8886, Time: 00:44:00

Health: -9/80      AC:  5    Str:  9    XL:     10   Next: 58%
Magic:  1/22       EV: 12    Int: 20    God:    Gozag
Gold:   424        SH:  0    Dex: 14    Spells: 16/30 levels left

rFire    . . .     SeeInvis .   z - +2 rapier (drain)
rCold    . . .     Gourm    .   (no shield)
rNeg     . . .     Faith    .   a - +0 robe
rPois    +         Spirit   .   m - +1 hat
rElec    .         Reflect  .   (no cloak)
rCorr    .         Harm     .   (no gloves)
MR       +....                  q - +1 pair of boots
Stlth    ++........             (no amulet)
HPRegen  0.63/turn              t - ring of flight
MPRegen  0.18/turn              y - ring of protection from magic

@: studying Short Blades, slow
A: +LOS, swims, clever 1, low mp 1, poison resistance, regeneration 1, slowness
1, strong legs 1
a: Hop, Potion Petition, Call Merchant, Bribe Branch, Renounce Religion, Evoke
Flight


You were on level 9 of the Dungeon.
You worshipped Gozag.
Gozag was aware of your devotion.
You were not hungry.

You visited 2 branches of the dungeon, and saw 10 of its levels.
You also visited: Sewer, Ossuary and Bailey.

You collected 1563 gold pieces.
You spent 600 gold pieces at shops.
You paid 539 gold pieces to Gozag.

Inventory:

Hand Weapons
 z - a +2 rapier of draining (weapon)
Armour
 a - a +0 robe (worn)
 m - a +1 hat (worn)
 q - a +1 pair of boots (worn)
Jewellery
 t - a ring of flight (left hand)
 y - a ring of protection from magic (right hand)
Wands
 j - a wand of acid (2)
 s - a wand of iceblast (13)
 B - a wand of polymorph (9)
Scrolls
 d - a scroll of holy word
 e - 2 scrolls of enchant weapon
 g - a scroll of fear
 h - 5 scrolls of remove curse
 k - a scroll of blinking
 l - a scroll of magic mapping
 n - a scroll of vulnerability
 u - 2 scrolls of fog
 v - a scroll of enchant armour
 w - 2 scrolls of identify
 C - a scroll of noise
 D - 2 scrolls of amnesia
 F - a scroll of teleportation
Potions
 b - 2 potions of brilliance {unknown}
 f - 4 potions of flight
 i - 3 potions of curing
 o - 2 potions of agility {unknown}
 p - 3 potions of might
 r - 2 potions of degeneration {unknown}
 x - 2 potions of resistance {unknown}
 A - a potion of mutation
 E - a potion of berserk rage {unknown}
Books
 G - a manual of Short Blades
Comestibles
 c - 15 rations


   Skills:
 - Level 8.0 Fighting
 - Level 2.1 Dodging
 - Level 1.7 Stealth
 + Level 10.6 Spellcasting
 - Level 10.0 Summonings
 - Level 4.1 Ice Magic
 - Level 4.0 Air Magic


You had 16 spell levels left.
You knew the following spells:

 Your Spells              Type           Power        Failure   Level  Hunger
a - Summon Small Mammal   Summ           ####         1%          1    None
c - Summon Lightning Spi  Summ/Air       #####...     3%          4    ##.....
d - Call Canine Familiar  Summ           ######..     1%          3    None
q - Summon Ice Beast      Ice/Summ       #####...     3%          4    ##.....
s - Call Imp              Summ           ######..     1%          2    None

Your spell library contained the following spells:

 Spells                   Type           Power        Failure   Level  Hunger
 Freeze                   Ice            ####         1%          1    None
 Summon Guardian Golem    Hex/Summ       ####....     2%          3    None
 Confusing Touch          Hex            ##....       7%          1    None
 Confuse                  Hex            ##......     21%         3    None
 Gell's Gravitas          Tloc           ##........   21%         3    None
 Petrify                  Tmut/Erth      ##......     54%         4    ##.....
 Metabolic Englaciation   Hex/Ice        ###.......   61%         5    ####...
 Yara's Violent Unravell  Hex/Tmut       ##........   88%         5    ####...


Dungeon Overview and Level Annotations

Branches:
Dungeon (9/15)             Temple (1/1) D:6
   Lair: D:8-11         Orc: D:9-12

Altars:
Ashenzari
Cheibriados
Dithmenos
Elyvilon
Fedhas
Gozag
Hepliaklqana
Kikubaaqudgha
Makhleb
Okawaru
Qazlal
Ru
Sif Muna
Trog
Vehumet
Wu Jian
Yredelemnul
Zin
The Shining One

Shops:
D:7 =   D:9 (


Innate Abilities, Weirdness & Mutations

Shadows flee at your approach. (+LOS)
You can swim through water.
You cover ground slowly.
You can hop short distances.
Your mind is acute. (Int +2)
Your magical capacity is low. (-10% MP)
Your system is resistant to poisons. (rPois)
Your natural rate of healing is unusually fast.


Message History

Evoke which item? (* to show all) (? for menu, Esc to quit)
Aiming: Iceblast
Press: ? - help, Shift-Dir - straight line, p - centaur warrior The mass of ice explodes!
The iceblast engulfs the centaur warrior.
The centaur warrior is almost dead.
The centaur warrior hits you. The centaur warrior hits you!
* * * LOW HITPOINT WARNING * * *
Unknown command.
Evoke which item? (* to show all) (? for menu, Esc to quit)
Aiming: Iceblast
Press: ? - help, Shift-Dir - straight line The mass of ice explodes!
The iceblast engulfs the centaur warrior.
The centaur warrior is almost dead.
The centaur warrior hits you.
* * * LOW HITPOINT WARNING * * *
The centaur warrior hits you!
You die...
Your body crumbles into a pile of gold.

...# *....###.#,......,,*,,,,,
#'### *........#.......,,*,,,,,
8.8.# *#......$.#.......,,*,,,,,
._..#*##.........#......),,*,,,,,
...###...#**#....#...[...,,*,,,,*
#.##...#** #..........$.,,,,,,,,
......#* #.$..........,,,,**,,
####.## #.$c.........,,,,**,, #
#.# ##..#@........,,,,,,,, #.#
#$$##.######..,,*,,,,* #.#
##.(##.#,,,,,,,,,,,,,,, ##.##
#...[..#,,,,,,**,,,,,,, ###...##
##..##..#,,,,,,**,,,,,,,
.#.....###...##..#,,,,,,,,,,,,,,,
.............##..#,,,,*,,,,*,,,,,
.............###..,,,,,,,,,*,,,,,
..............##...**,,,,,,*,,,,,


You could see a centaur warrior (berserk).

Vanquished Creatures
  2 yaks (D:9)
  A sky beast (D:9)
  An ice beast (D:9)
  An ogre (D:9)
  2 crimson imps
  2 hounds (D:7)
  An orc wizard (D:8)
  An iguana (D:9)
  A worker ant (D:7)
  3 gnolls (Bailey)
  An adder (D:2)
  A dart slug (D:2)
  2 orcs
  5 bats
  3 giant cockroaches
  2 goblins
  4 hobgoblins
  3 jackals
  3 quokkas
  4 frilled lizards
  25 kobolds
  2 kobold zombies (Sewer)
  2 quokka skeletons (D:4)
  A quokka zombie (Ossuary)
  5 rats
78 creatures vanquished.

Vanquished Creatures (collateral kills)
  A two-headed ogre (D:8)
  3 orc knights (Bailey)
  A centaur skeleton (D:9)
  2 trolls
  Grinder (Sewer)
  A shadow (D:9)
  4 yaks (D:9)
  2 hungry ghosts
  A water moccasin (D:6)
  2 orc warriors (Bailey)
  An ice beast (D:8)
  A sky beast (D:3)
  6 ogres
  2 phantoms
  3 centaurs
  A big kobold (Sewer)
  2 elf zombies (Ossuary)
  5 bullfrogs
  A gnoll sergeant (D:9)
  5 scorpions
  4 wights (D:8)
  4 howler monkeys
  A crimson imp (D:6)
  3 bullfrog zombies
  A quasit (Sewer)
  3 orc priests
  4 hounds
  A jelly (D:6)
  A gnoll shaman (D:6)
  Jessica (D:2)
  3 bullfrog skeletons
  3 iguanas
  6 orc wizards
  8 worker ants
  4 big kobold zombies
  A hound zombie (Ossuary)
  A hound skeleton (D:4)
  4 mummies
  Robin (D:2)
  12 gnolls
  13 adders
  4 shadow imps
  An ufetubus (Sewer)
  2 oozes
  2 adder skeletons
  4 adder zombies (Ossuary)
  5 worms
  2 dart slugs (D:1)
  2 leopard geckos
  18 orcs
  3 giant cockroaches
  12 goblins
  8 hobgoblins
  6 jackals
  17 kobolds
  2 quokkas
  6 ball pythons
  6 bats
  6 frilled lizards
  3 goblin zombies (Ossuary)
  2 hobgoblin zombies (Ossuary)
  A jackal skeleton (D:4)
  2 jackal zombies (Ossuary)
  5 kobold zombies
  A leopard gecko zombie (D:5)
  3 orc zombies (Ossuary)
  A quokka skeleton (D:4)
  7 quokka zombies (Ossuary)
  3 rats (D:3)
  3 rat zombies (Ossuary)
261 creatures vanquished.

Vanquished Creatures (others)
  A big kobold (Sewer)
  A big kobold zombie (Sewer)
  A giant cockroach zombie (Sewer)
3 creatures vanquished.

Grand Total: 342 creatures vanquished

Notes
Turn   | Place    | Note
-------+----------+-------------------------------------------
     0 | D:1      | Napalmbreeze the Barachi Summoner began the quest for the
                  | Orb.
     0 | D:1      | Reached XP level 1. HP: 13/13 MP: 3/3
    45 | D:1      | Reached skill level 5 in Summonings
   130 | D:1      | Reached XP level 2. HP: 18/19 MP: 3/5
   191 | D:1      | Learned a level 2 spell: Call Imp
   396 | D:1      | Reached XP level 3. HP: 23/24 MP: 4/7
   846 | D:2      | Noticed Robin
   890 | D:2      | Killed Robin
   953 | D:2      | Found a blossoming altar of Fedhas.
   965 | D:2      | Reached XP level 4. HP: 29/30 MP: 5/8
   986 | D:2      | Learned a level 3 spell: Call Canine Familiar
  1163 | D:2      | Noticed Jessica
  1171 | D:2      | Killed Jessica
  1364 | D:3      | Found a stormy altar of Qazlal.
  1545 | D:3      | Found a glowing drain.
  1550 | Sewer    | Entered a sewer
  1850 | Sewer    | Noticed a big kobold
  1951 | Sewer    | Killed a big kobold
  1951 | Sewer    | Reached XP level 5. HP: 22/35 MP: 0/10
  2633 | Sewer    | Gained mutation: Your system is resistant to poisons.
                  | (rPois) [potion of mutation]
  2633 | Sewer    | Gained mutation: Your natural rate of healing is unusually
                  | fast. [potion of mutation]
  2633 | Sewer    | Gained mutation: Your magical capacity is low. (-10% MP)
                  | [potion of mutation]
  2633 | Sewer    | Gained mutation: Your mind is acute. (Int +2) [potion of
                  | mutation]
  2694 | Sewer    | Found a burning altar of Makhleb.
  2737 | Sewer    | Noticed a big kobold
  2754 | Sewer    | Killed a big kobold
  2754 | Sewer    | Reached XP level 6. HP: 41/41 MP: 3/10
  2778 | Sewer    | Noticed Grinder
  2905 | Sewer    | Paralysed by Grinder for 5 turns
  2917 | Sewer    | Paralysed by Grinder for 2 turns
  2980 | Sewer    | Killed Grinder
  3133 | D:3      | Noticed a sky beast
  3153 | D:3      | Killed a sky beast
  3169 | D:3      | Learned a level 4 spell: Summon Ice Beast
  3295 | D:3      | Found an ancient bone altar of Kikubaaqudgha.
  3611 | D:3      | Reached XP level 7. HP: 47/47 MP: 8/12
  3644 | D:3      | Reached skill level 1 in Fighting
  3644 | D:3      | Reached skill level 1 in Ice Magic
  3754 | D:3      | Found a radiant altar of Vehumet.
  3755 | D:3      | Found a basalt altar of Yredelemnul.
  3756 | D:3      | Found a bloodstained altar of Trog.
  4084 | D:4      | Learned a level 4 spell: Summon Lightning Spire
  4363 | D:4      | Reached skill level 1 in Air Magic
  4753 | D:5      | Entered Level 5 of the Dungeon
  4770 | D:5      | Reached skill level 5 in Spellcasting
  5021 | D:5      | Reached XP level 8. HP: 50/57 MP: 3/14
  5881 | D:6      | Noticed a troll
  5883 | D:6      | Killed a troll
  6268 | D:6      | Found a sand-covered staircase.
  6277 | Ossuary  | Entered an ossuary
  6547 | Ossuary  | Reached skill level 5 in Fighting
  6680 | D:6      | Found a staircase to the Ecumenical Temple.
  6686 | Temple   | Entered the Ecumenical Temple
  6777 | Temple   | Became a worshipper of Gozag Ym Sagoz the Greedy
  6964 | D:6      | Reached XP level 9. HP: 68/68 MP: 11/16
  7023 | D:6      | Found a burning altar of Makhleb.
  7459 | D:7      | Found Qopijet's Jewellery Shop.
  7572 | D:7      | Noticed a troll
  7584 | D:7      | Killed a troll
  7749 | D:8      | Found a shadowy altar of Dithmenos.
  7749 | D:8      | Noticed a two-headed ogre
  7757 | D:8      | Killed a two-headed ogre
  7938 | D:8      | Reached skill level 10 in Summonings
  7987 | D:8      | Found an ornate altar of the Wu Jian Council.
  8191 | D:9      | Found Qobriq's Weapon Shop.
  8246 | D:9      | Found a flagged portal.
  8253 | Bailey   | Entered a bailey
  8393 | Bailey   | Noticed an orc knight
  8404 | Bailey   | Killed an orc knight
  8404 | Bailey   | Reached XP level 10. HP: 58/80 MP: 7/19
  8413 | Bailey   | Noticed an orc knight
  8413 | Bailey   | Noticed an orc knight
  8463 | Bailey   | Killed an orc knight
  8498 | Bailey   | Killed an orc knight
  8621 | D:9      | Bought a ration for 60 gold pieces
  8621 | D:9      | Bought a ration for 60 gold pieces
  8621 | D:9      | Bought a ration for 60 gold pieces
  8621 | D:9      | Bought a ration for 60 gold pieces
  8621 | D:9      | Bought a ration for 60 gold pieces
  8621 | D:9      | Bought a ration for 60 gold pieces
  8621 | D:9      | Bought a ration for 60 gold pieces
  8621 | D:9      | Bought a ration for 60 gold pieces
  8621 | D:9      | Bought a ration for 60 gold pieces
  8621 | D:9      | Bought a ration for 60 gold pieces
  8764 | D:9      | Found a deep blue altar of Sif Muna.
  8790 | D:9      | Identified Sif Muna's Compendium of Snow
  8854 | D:9      | Reached skill level 10 in Spellcasting
  8871 | D:9      | Identified the amulet "Yreqoxes" {+Rage Int+2}
  8871 | D:9      | Noticed a centaur warrior
  8886 | D:9      | Mangled by a centaur warrior

Vault maps used:
D:1:      dpeg_arrival_houses_and_road
D:2:      fedhas_altar_fruit_tree, first_ration, uniq_robin, uniq_jessica
D:3:      minitemple, nicolae_overflow_crystal_walls, marbit_many_paths,
          portal_sewer_entry_e, kennysheep_generic_room_14
D:5:      old_forge
D:6:      nicolae_overflow_hidden_temple, minmay_temple_entry_hall,
          gup_ossuary_entry_pyramid, uniq_grinder
D:7:      serial_shops, shop
D:8:      lemuel_round_altar, overflow_temple_1_default
D:9:      minmay_cut_squares, led_sif_book, eat_drink_and_be_merry_uskayaw,
          gammafunk_temple_overflow_wave, serial_shops, shop, enter_bailey_2,
          tgw_trog, uniq_psyche
Temple:   dpeg_three_leaves_temple
Sewer:    kennysheep_sewer_church
Ossuary:  minmay_ossuary_two_tombs
Bailey:   bailey_axe_1, bailey

Skill      XL: |  1  2  3  4  5  6  7  8  9 10 |
---------------+-------------------------------+-----
Summonings     | 5 6 7 8 10 | 10.0
Spellcasting   | 3 4 5 6 8 10 | 10.6
Fighting       | 2 5 7 8 |  8.0
Ice Magic      | 2 4 |  4.1
Air Magic      | 2 4 |  4.0
Dodging        | |  2.1
Stealth        | |  1.7

Action                   |  1- 3 |  4- 6 |  7- 9 | 10-12 || total
-------------------------+-------+-------+-------+-------++-------
Melee: Unarmed           |     5 |       |       |       ||     5
       Dagger            |    39 |    81 |    78 |       ||   198
       Rapier            |       |       |   156 |    27 ||   183
 Cast: Summon Small Mamm |    15 |     8 |     4 |       ||    27
       Call Imp          |    15 |    43 |    10 |       ||    68
       Call Canine Famil |       |     8 |    21 |     3 ||    32
       Summon Ice Beast  |       |     4 |    47 |     8 ||    59
       Summon Lightning  |       |       |    18 |     7 ||    25
Invok: Call Merchant     |       |       |       |     1 ||     1
Evoke: Wand              |       |       |       |     8 ||     8
  Use: Scroll            |       |     3 |    12 |       ||    15
       Potion            |       |     4 |       |       ||     4
 Stab: Sleeping          |     4 |     2 |     2 |       ||     8
       Distracted        |       |     1 |     4 |     1 ||     6
  Eat: Chunk             |     1 |     6 |    13 |       ||    20
       Ration            |       |     2 |     7 |     1 ||    10
Armor: Robe              |     9 |    27 |    94 |     5 ||   135
Dodge: Dodged            |    38 |    71 |   228 |    22 ||   359

Table legend:
 A = Non-vault XP
 B = Vault XP
 C = Vault XP percentage of total XP
 D = Non-vault monster count
 E = Vault monster count
 F = Vault count percentage of total count
                 A         B        C        D         E       F
            +---------+---------+-------+---------+---------+-------
      Total |    4935 |    2379 |  32.5 |     210 |     130 |  38.2
            +---------+---------+-------+---------+---------+-------
        D:1 |      39 |       0 |   0.0 |      26 |       0 |   0.0
        D:2 |      50 |      37 |  42.5 |      18 |      12 |  40.0
        D:3 |     203 |       2 |   1.0 |      23 |       2 |   8.0
        D:4 |     314 |       0 |   0.0 |      37 |       0 |   0.0
        D:5 |     490 |     166 |  25.3 |      22 |      13 |  37.1
        D:6 |     547 |      15 |   2.7 |      20 |       1 |   4.8
        D:7 |     423 |       0 |   0.0 |      15 |       0 |   0.0
        D:8 |    1298 |       0 |   0.0 |      26 |       0 |   0.0
        D:9 |    1571 |     380 |  19.5 |      23 |       4 |  14.8
      Sewer |       0 |     334 | 100.0 |       0 |      30 | 100.0
    Ossuary |       0 |     187 | 100.0 |       0 |      36 | 100.0
     Bailey |       0 |    1258 | 100.0 |       0 |      32 | 100.0
            +---------+---------+-------+---------+---------+-------
